NWL (28 & UNDER)
BALZAC RAMS @ CULVER CITY EXTRAS
07/23/2028
 
TOP OF THE 1ST
Balzac Rams batting - Pitching for Culver City Extras : RHP Bill Chase
Pitching: RHP Bill Chase
Batting: RHB Josh Baker 0-0: Swinging Strike
0-1: Swinging Strike
0-2: Ball
1-2: Foul Ball, location: 2F
1-2: Ball
2-2: Strikes out swinging
Batting: RHB Tommy Wilson 0-0: Ball
1-0: Ball
2-0: SINGLE (Groundball, 4MD)
Batting: RHB Gunner Allen 0-0: Called Strike
0-1: Ball
1-1: Called Strike
1-2: Strikes out swinging
Batting: LHB Carlos Romero 0-0: Called Strike
0-1: Swinging Strike
0-2: Strikes out looking
Top of the 1st over - 0 run(s), 1 hit(s), 0 error(s), 1 left on base; Balzac 0 - Culver City 0
BOTTOM OF THE 1ST
Culver City Extras batting - Pitching for Balzac Rams : RHP José Cota
Pitching: RHP José Cota
Batting: RHB Augusto Trevino 0-0: Called Strike
0-1: Ball
1-1: Ball
2-1: Called Strike
2-2: Ball
3-2: Fly out, F8 (Flyball, 8LXD)
Batting: RHB Horace Johnson 0-0: Ball
1-0: Called Strike
1-1: Ball
2-1: Ball
3-1: Base on Balls
Batting: RHB Tony Cruz 0-0: Ball
1-0: Ball
2-0: Ball
Horace Johnson steals 2nd base
3-0: Called Strike
3-1: Base on Balls
Batting: LHB Randy Wiggins 0-0: Foul Ball, location: 2F
0-1: Foul Ball, location: 2F
0-2: Strikes out swinging
Batting: LHB Collin Smith 0-0: Called Strike
0-1: Swinging Strike
0-2: Strikes out looking
Bottom of the 1st over - 0 run(s), 0 hit(s), 0 error(s), 2 left on base; Balzac 0 - Culver City 0
TOP OF THE 2ND
Balzac Rams batting - Pitching for Culver City Extras : RHP Bill Chase
Batting: RHB Lorenzo Silva 0-0: Ball
1-0: Called Strike
1-1: Foul Ball, location: 2F
1-2: Ball
2-2: Foul Ball, location: 2F
2-2: Ball
3-2: Base on Balls
Batting: LHB Troy Jackson 0-0: Called Strike
0-1: Fielders Choice at 2nd, 6-4 (Groundball, 6)
Batting: LHB Rodney Harrison 0-0: Ball
1-0: Fly out, F8 (Flyball, 8RM)
Batting: RHB Félix Quintero 0-0: Foul Ball, location: 2F
0-1: Ball
1-1: Swinging Strike
1-2: Ball
2-2: Foul Ball, location: 2F
2-2: Strikes out swinging
Top of the 2nd over - 0 run(s), 0 hit(s), 0 error(s), 1 left on base; Balzac 0 - Culver City 0
BOTTOM OF THE 2ND
Culver City Extras batting - Pitching for Balzac Rams : RHP José Cota
Batting: LHB Richard Bell 0-0: Called Strike
0-1: Ball
1-1: Fly out, F8 (Flyball, 8LM)
Batting: RHB Ben Alexander 0-0: Ball
1-0: SINGLE (Groundball, 34D)
Batting: RHB Clint Younger 0-0: Called Strike
0-1: Ball
1-1: Ball
2-1: Called Strike
2-2: Foul Ball, location: 2F
2-2: Foul Ball, location: 2F
2-2: Foul Ball, location: 2F
2-2: Foul Ball, location: 2F
2-2: Fly out, F8 (Flyball, 8LXD)
Batting: RHB Shawn Gutiérrez 0-0: Foul Ball, location: 2F
0-1: Called Strike
0-2: Ball
1-2: Strikes out looking
Bottom of the 2nd over - 0 run(s), 1 hit(s), 0 error(s), 1 left on base; Balzac 0 - Culver City 0
TOP OF THE 3RD
Balzac Rams batting - Pitching for Culver City Extras : RHP Bill Chase
Batting: RHB Ricardo Muñóz 0-0: Ground out 4-3 (Groundball, 4)
Batting: RHB Josh Baker 0-0: Foul Ball, location: 2F
0-1: Called Strike
0-2: Ball
1-2: Ball
2-2: Strikes out swinging
Batting: RHB Tommy Wilson 0-0: Ground out 1-3 (Groundball, 13)
Top of the 3rd over - 0 run(s), 0 hit(s), 0 error(s), 0 left on base; Balzac 0 - Culver City 0
BOTTOM OF THE 3RD
Culver City Extras batting - Pitching for Balzac Rams : RHP José Cota
Batting: RHB Augusto Trevino 0-0: Swinging Strike
0-1: Ball
1-1: Ball
2-1: Swinging Strike
2-2: Ball
3-2: Foul Ball, location: 2F
3-2: Base on Balls
Batting: RHB Horace Johnson 0-0: Called Strike
Pickoff Throw to First - Out!
0-1: Ball
1-1: Ground out 5-3 (Groundball, 56)
Batting: RHB Tony Cruz 0-0: Ball
1-0: Called Strike
1-1: Fly out, F7 (Flyball, 7LM)
Bottom of the 3rd over - 0 run(s), 0 hit(s), 0 error(s), 0 left on base; Balzac 0 - Culver City 0
TOP OF THE 4TH
Balzac Rams batting - Pitching for Culver City Extras : RHP Bill Chase
Batting: RHB Gunner Allen 0-0: Called Strike
0-1: Ball
1-1: Called Strike
1-2: Strikes out looking
Batting: LHB Carlos Romero 0-0: Swinging Strike
0-1: Ball
1-1: Foul Ball, location: 2F
1-2: Ball
2-2: Foul Ball, location: 2F
2-2: Ball
3-2: Strikes out swinging
Batting: RHB Lorenzo Silva 0-0: Ball
1-0: Ball
2-0: Called Strike
2-1: Called Strike
2-2: Ball
3-2: Strikes out swinging
Top of the 4th over - 0 run(s), 0 hit(s), 0 error(s), 0 left on base; Balzac 0 - Culver City 0
BOTTOM OF THE 4TH
Culver City Extras batting - Pitching for Balzac Rams : RHP José Cota
Batting: LHB Randy Wiggins 0-0: Ball
1-0: SINGLE (Line Drive, 4MD)
Batting: LHB Collin Smith 0-0: Ball
1-0: Ball
Randy Wiggins steals 2nd base
2-0: Reached on error, E2 (Popup, 23)
Randy Wiggins to third
Batting: LHB Richard Bell 0-0: Called Strike
0-1: Ball
1-1: Called Strike
1-2: SINGLE (Line Drive, 8LS)
Randy Wiggins scores
Collin Smith to second
Batting: RHB Ben Alexander 0-0: Ball
1-0: Called Strike
1-1: Foul Ball, location: 2F
1-2: Foul Ball, location: 2F
1-2: Ball
2-2: Ground out 5-3 (Groundball, 56S)
Collin Smith to third
Richard Bell to second
Batting: RHB Clint Younger 0-0: Ball
1-0: Foul Ball, location: 2F
1-1: Ball
2-1: Ball
3-1: Fly out, F9 (Flyball, 9S)
Batting: RHB Shawn Gutiérrez 0-0: Called Strike
0-1: Fly out, F8 (Flyball, 8LXD)
Bottom of the 4th over - 1 run(s), 2 hit(s), 1 error(s), 2 left on base; Balzac 0 - Culver City 1
TOP OF THE 5TH
Balzac Rams batting - Pitching for Culver City Extras : RHP Bill Chase
Batting: LHB Troy Jackson 0-0: Fly out, F7 (Line Drive, 7)
Batting: LHB Rodney Harrison 0-0: Ball
1-0: Ground out 4-3 (Groundball, 4)
Batting: RHB Félix Quintero 0-0: Called Strike
0-1: Ball
1-1: Foul Ball, location: 2F
1-2: Strikes out swinging
Top of the 5th over - 0 run(s), 0 hit(s), 0 error(s), 0 left on base; Balzac 0 - Culver City 1
BOTTOM OF THE 5TH
Culver City Extras batting - Pitching for Balzac Rams : RHP José Cota
Batting: RHB Augusto Trevino 0-0: Ball
1-0: Ball
2-0: Foul Ball, location: 2F
2-1: Foul Ball, location: 2F
2-2: Foul Ball, location: 2F
2-2: Ball
3-2: Base on Balls
Batting: RHB Horace Johnson 0-0: Called Strike
0-1: Ball
1-1: Ball
Wild Pitch!
Augusto Trevino to second
2-1: Foul Ball, location: 2F
2-2: Foul Ball, location: 2F
2-2: Foul Ball, location: 2F
2-2: SINGLE (Groundball, 56D)
Augusto Trevino to third
Batting: RHB Tony Cruz 0-0: Ball
1-0: Called Strike
1-1: Ball
2-1: Foul Ball, location: 2F
2-2: Foul Ball, location: 2F
2-2: Foul Ball, location: 2F
2-2: Grounds into double play, 6-4-3 (Groundball, 6)
Augusto Trevino scores
Batting: LHB Randy Wiggins 0-0: Ball
1-0: Called Strike
1-1: SINGLE (Groundball, 5D)
Pitching: RHP John Harris
Batting: LHB Collin Smith 0-0: Ball
1-0: Called Strike
1-1: Ball
2-1: Called Strike
2-2: Foul Ball, location: 2F
2-2: Ground out 6-3 (Groundball, 6S)
Bottom of the 5th over - 1 run(s), 2 hit(s), 0 error(s), 1 left on base; Balzac 0 - Culver City 2
TOP OF THE 6TH
Balzac Rams batting - Pitching for Culver City Extras : RHP Bill Chase
Batting: RHB Ricardo Muñóz 0-0: Called Strike
0-1: Ball
1-1: Called Strike
1-2: Ball
2-2: Foul Ball, location: 2F
2-2: Ball
3-2: Base on Balls
Batting: RHB Josh Baker 0-0: Called Strike
0-1: Ball
1-1: Swinging Strike
1-2: Foul Ball, location: 2F
1-2: Strikes out swinging
Ricardo Muñóz steals 2nd base
Batter strikes out.
Batting: RHB Tommy Wilson 0-0: Called Strike
0-1: Called Strike
0-2: Ground out 6-3 (Groundball, 6S)
Ricardo Muñóz to third
Batting: RHB Gunner Allen 0-0: Ball
1-0: Foul Ball, location: 2F
1-1: Swinging Strike
1-2: Ball
2-2: Ball
3-2: Strikes out swinging
Top of the 6th over - 0 run(s), 0 hit(s), 0 error(s), 1 left on base; Balzac 0 - Culver City 2
BOTTOM OF THE 6TH
Culver City Extras batting - Pitching for Balzac Rams : RHP John Harris
Batting: LHB Richard Bell 0-0: SINGLE (Line Drive, 9LS)
Batting: RHB Ben Alexander 0-0: Called Strike
0-1: Foul Ball, location: 2F
0-2: Ball
1-2: Ball
2-2: Strikes out swinging
Batting: RHB Clint Younger 0-0: Ball
1-0: Ball
2-0: Foul Ball, location: 2F
2-1: Ball
3-1: Base on Balls
Richard Bell to second
Batting: RHB Shawn Gutiérrez 0-0: Called Strike
0-1: Fly out, F6 (Popup, 6)
Batting: RHB Augusto Trevino 0-0: Called Strike
0-1: Foul Ball, location: 2F
0-2: Ball
1-2: Ball
2-2: Ball
3-2: Base on Balls
Richard Bell to third
Clint Younger to second
Batting: RHB Horace Johnson 0-0: Ball
Wild Pitch!
Richard Bell scores
Clint Younger to third
Augusto Trevino to second
1-0: Called Strike
1-1: SINGLE (Line Drive, 8RS)
Clint Younger scores
Augusto Trevino to third
Runner from 3rd tries for Home, SAFE, no throw
Pitching: LHP Ben Turner
Batting: RHB Tony Cruz 0-0: Ball
1-0: Ball
2-0: Swinging Strike
2-1: Swinging Strike
2-2: Strikes out swinging
Bottom of the 6th over - 3 run(s), 2 hit(s), 0 error(s), 1 left on base; Balzac 0 - Culver City 5
TOP OF THE 7TH
Balzac Rams batting - Pitching for Culver City Extras : RHP Bill Chase
Now at SS: Eugene Booth
Batting: LHB Carlos Romero 0-0: Called Strike
0-1: Ball
1-1: Swinging Strike
1-2: Foul Ball, location: 2F
1-2: Ground out 3-1 (Groundball, 34)
Batting: RHB Lorenzo Silva 0-0: Called Strike
0-1: Called Strike
0-2: Ball
1-2: Ball
2-2: Ground out 6-3 (Groundball, 6)
Batting: LHB Troy Jackson 0-0: Called Strike
0-1: Foul Ball, location: 2F
0-2: Ball
1-2: Ball
2-2: SINGLE (Groundball, 56S) (infield hit)
Pitching: RHP Tyler Kirkland
Batting: LHB Rodney Harrison 0-0: Called Strike
0-1: Ground out 3-1 (Groundball, 34S)
Top of the 7th over - 0 run(s), 1 hit(s), 0 error(s), 1 left on base; Balzac 0 - Culver City 5
BOTTOM OF THE 7TH
Culver City Extras batting - Pitching for Balzac Rams : LHP Ben Turner
Batting: LHB Randy Wiggins 0-0: Called Strike
0-1: Swinging Strike
0-2: Fly out, F8 (Flyball, 8RS)
Batting: LHB Collin Smith 0-0: Ball
1-0: Ball
2-0: Foul Ball, location: 2F
2-1: Ground out 1-3 (Groundball, 13)
Batting: LHB Richard Bell 0-0: Called Strike
0-1: Swinging Strike
0-2: Strikes out swinging
Bottom of the 7th over - 0 run(s), 0 hit(s), 0 error(s), 0 left on base; Balzac 0 - Culver City 5
TOP OF THE 8TH
Balzac Rams batting - Pitching for Culver City Extras : RHP Tyler Kirkland
Now at 3B: Artie Pennington
Batting: RHB Félix Quintero 0-0: Ball
1-0: Ball
2-0: Called Strike
2-1: Ball
3-1: Called Strike
3-2: Foul Ball, location: 2F
3-2: Foul Ball, location: 2F
3-2: Fly out, F8 (Flyball, 8RM)
Batting: RHB Ricardo Muñóz 0-0: Called Strike
0-1: Ball
1-1: Ground out 5-3 (Groundball, 5S)
Batting: RHB Josh Baker 0-0: Called Strike
0-1: Swinging Strike
0-2: Ball
1-2: Ball
2-2: Strikes out swinging
Top of the 8th over - 0 run(s), 0 hit(s), 0 error(s), 0 left on base; Balzac 0 - Culver City 5
BOTTOM OF THE 8TH
Culver City Extras batting - Pitching for Balzac Rams : LHP Ben Turner
Batting: RHB Ben Alexander 0-0: Fly out, F9 (Flyball, 9S)
Batting: RHB Clint Younger 0-0: Foul Ball, location: 2F
0-1: Ball
1-1: Ground out 5-3 (Groundball, 5S)
Batting: RHB Shawn Gutiérrez 0-0: Ball
1-0: Foul Ball, location: 2F
1-1: Ball
2-1: Called Strike
2-2: Strikes out swinging
Bottom of the 8th over - 0 run(s), 0 hit(s), 0 error(s), 0 left on base; Balzac 0 - Culver City 5
TOP OF THE 9TH
Balzac Rams batting - Pitching for Culver City Extras : RHP Tyler Kirkland
Batting: RHB Tommy Wilson 0-0: Ball
1-0: Foul Ball, location: 2F
1-1: Fly out, F4 (Popup, 3D)
Batting: RHB Gunner Allen 0-0: Ball
1-0: Called Strike
1-1: Foul Ball, location: 2F
1-2: Foul Ball, location: 2F
1-2: Ball
2-2: Fly out, F8 (Flyball, 8LM)
Batting: LHB Carlos Romero 0-0: Ball
1-0: Ball
2-0: Called Strike
2-1: Foul Ball, location: 2F
2-2: Foul Ball, location: 2F
2-2: Strikes out swinging
Top of the 9th over - 0 run(s), 0 hit(s), 0 error(s), 0 left on base; Balzac 0 - Culver City 5
Tuesday, August 8th, 2017 - OOTP Baseball 17.12 Build 75